AoeStats
← 体制少妇白洁

Arena

506857983Analyzed
4v4 RM · 16d ago on Sep 15, 2026· 40m 9s· 8 players
Game mode
Random Map
Map size
Large (8 player)
Population
200
Speed
Normal
Resources
Standard
Victory
Conquest
Starting age
Dark Age
Ending age
Imperial Age
RankedLock teamsTeams togetherTeam positionsShared explorationLock speedFull tech treeHidden civsTurbo modeCheats
Victory
Defeat
🇹🇼 Britons · Taiwan
1418
+16
🇻🇳 Aztecs · Vietnam
1408
+17
🇨🇿 Poles · Czechia
1392
+17
🇨🇳 Mongols · China
1381
+18
🇭🇰 Tupi · Hong Kong SAR China
1529
-22
🇨🇳 Malay · China
1423
-17
🇨🇳 Dravidians · China
1403
-16
🇨🇳 Franks · China
1326
-13
totoro1396
10:13 Feudal Age
11:24 Double-Bit Axe
14:53 Castle Age
13:34 Gold Mining
15:49 Bow Saw
15:59 Loom
16:44 Horse Collar
19:20 Gold Shaft Mining
22:23 Wheelbarrow
25:07 Hand Cart
24:59 Heavy Plow
25:33 Stone Mining
28:43 Imperial Age
27:17 Fletching
27:58 Padded Archer Armor
27:54 Bodkin Arrow
27:25 Crossbowman
29:16 Ballistics
30:29 Chemistry
30:42 Two-Man Saw
30:15 Treadmill Crane
31:48 Conscription
32:19 Pikeman
RoadTo1100
10:38 Feudal Age
14:38 Castle Age
13:10 Double-Bit Axe
13:23 Horse Collar
15:29 Bow Saw
16:33 Heavy Plow
16:43 Loom
17:40 Wheelbarrow
21:10 Hand Cart
21:22 Hand Cart
22:36 Gold Mining
24:22 Gold Shaft Mining
23:43 Stone Mining
25:43 Town Watch
26:40 Stone Shaft Mining
26:24 Forging
26:14 Scale Mail Armor
28:54 Imperial Age
28:04 Chain Mail Armor
28:25 Iron Casting
28:08 Arson
28:24 Squires
28:16 Gambesons
30:00 Conscription
29:05 Elite Jaguar Warrior
30:07 Garland Wars
31:11 Crop Rotation
31:17 Murder Holes
31:34 Fortified Wall
31:05 Treadmill Crane
31:45 Ballistics
33:06 Blast Furnace
33:05 Plate Mail Armor
35:09 Fletching
38:17 Capped Ram
DetectiveYemitoShumafuk
10:39 Feudal Age
14:10 Castle Age
12:06 Horse Collar
13:13 Double-Bit Axe
16:06 Bow Saw
20:57 Loom
21:28 Stone Mining
22:12 Heavy Plow
23:41 Wheelbarrow
24:17 Stone Shaft Mining
23:33 Gold Mining
25:48 Hand Cart
25:22 Loom
25:23 Town Watch
26:01 Gold Mining
30:10 Imperial Age
27:47 Scale Barding Armor
27:52 Forging
27:43 Scale Mail Armor
27:49 Squires
27:35 Arson
28:58 Szlachta Privileges
29:26 Chain Barding Armor
30:09 Iron Casting
29:47 Bloodlines
29:38 Husbandry
28:59 Light Cavalry
31:26 Chain Mail Armor
31:44 Masonry
32:17 Lechitic Legacy
31:42 Winged Hussar
34:04 Chemistry
34:21 Blast Furnace
33:51 Plate Mail Armor
35:52 Lechitic Legacy
35:53 Conscription
37:24 Fletching
野象
10:36 Feudal Age
11:09 Double-Bit Axe
14:47 Castle Age
14:41 Horse Collar
15:44 Heavy Plow
16:29 Bow Saw
18:18 Loom
21:11 Gold Mining
26:08 Gold Shaft Mining
27:10 Loom
28:02 Wheelbarrow
30:06 Imperial Age
28:16 Wheelbarrow
28:01 Stone Mining
31:50 Chemistry
30:15 Heavy Scorpion
31:21 Ballistics
33:12 Siege Engineers
36:19 Drill
体制少妇白洁
10:25 Feudal Age
11:45 Double-Bit Axe
11:41 Horse Collar
14:31 Castle Age
15:30 Bow Saw
16:11 Wheelbarrow
16:05 Heavy Plow
23:31 Hand Cart
23:47 Gold Mining
25:44 Gold Shaft Mining
25:00 Stone Mining
24:57 Loom
28:53 Imperial Age
26:54 Fletching
27:04 Padded Archer Armor
27:30 Ballistics
27:26 Treadmill Crane
27:51 Bodkin Arrow
29:27 Leather Archer Armor
28:57 Elite Blackwood Archer
29:59 Conscription
30:46 Chemistry
29:52 Capped Ram
30:39 Curare
31:06 Siege Ram
32:18 Bracer
34:04 Two-Man Saw
34:02 Scale Mail Armor
34:12 Forging
34:33 Ring Archer Armor
34:40 Champi Runner
35:21 Squires
35:07 Arson
35:38 Chain Mail Armor
36:07 Champi Warrior
37:59 Iron Casting
37:31 Caciques
38:18 Elite Champi Warrior
39:29 Plate Mail Armor
咽语习言
8:36 Feudal Age
8:12 Double-Bit Axe
8:49 Horse Collar
16:31 Castle Age
16:29 Bow Saw
16:20 Heavy Plow
19:44 Town Watch
19:44 Loom
23:09 Wheelbarrow
24:11 Gold Mining
24:12 Stone Mining
29:36 Imperial Age
27:14 Fletching
27:28 Padded Archer Armor
28:11 Ballistics
27:15 Crossbowman
28:37 Thumb Ring
29:14 Hand Cart
30:06 Chemistry
29:13 Bodkin Arrow
29:11 Arbalester
30:29 Bracer
31:25 Conscription
31:18 Siege Engineers
32:11 Leather Archer Armor
32:28 Guilds
31:55 Capped Ram
34:24 Ring Archer Armor
34:20 Forging
34:17 Man-at-Arms
35:00 Forced Levy
34:55 Long Swordsman
36:22 Coinage
36:30 Iron Casting
36:05 Squires
35:51 Arson
35:32 Two-Handed Swordsman
38:38 Banking
38:17 Caravan
38:25 Caravan
39:46 Blast Furnace
FoLuo
10:27 Feudal Age
11:11 Double-Bit Axe
14:02 Castle Age
15:08 Bow Saw
18:22 Wheelbarrow
19:28 Town Watch
20:46 Gold Mining
21:08 Loom
22:16 Hand Cart
23:34 Gold Shaft Mining
24:39 Stone Mining
27:49 Imperial Age
25:48 Scale Barding Armor
25:53 Forging
26:30 Husbandry
27:22 Chain Barding Armor
28:59 Iron Casting
27:56 Cavalier
28:50 Chivalry
29:51 Plate Barding Armor
30:11 Conscription
29:46 Paladin
33:01 Blast Furnace
32:29 Caravan
34:48 Chemistry
35:23 Fletching
36:10 Ballistics
36:02 Siege Engineers
36:08 Masonry
36:21 Caravan
36:57 Hoardings
37:59 Coinage
38:50 #83
37:50 Elite Throwing Axeman
38:28 Bodkin Arrow
38:33 Padded Archer Armor
38:34 Scale Mail Armor
37:55 Pikeman
38:38 Squires
38:23 Arson
40:17 Banking
40:31 Architecture
39:57 Murder Holes
40:15 Fortified Wall
39:55 Guard Tower
39:51 Arrowslits
cookie tin
10:53 Feudal Age
11:37 Double-Bit Axe
14:31 Castle Age
12:14 Horse Collar
15:30 Wheelbarrow
15:39 Bow Saw
15:32 Heavy Plow
20:37 Gold Mining
20:39 Stone Mining
21:00 Town Watch
21:08 Gold Mining
22:18 Loom
24:18 Hand Cart
29:29 Imperial Age
28:03 Medical Corps
27:49 Fletching
28:42 Bodkin Arrow
29:52 Padded Archer Armor
30:38 Ballistics
30:20 Bracer
31:16 Conscription
31:32 Thumb Ring
32:40 Chemistry
32:22 Onager
34:18 Masonry
33:53 Elite Elephant Archer
36:10 Hoardings
36:15 Town Patrol
37:06 Bombard Tower
Connection lost

Rejoining the realm…

Still unreachable

The connection could not be restored.

Session expired

The server has moved on; the page needs a fresh start.